[Event "84th Tata Steel Masters 2022"]
[Site "Wijk aan Zee"]
[Date "2022.01.29"]
[Round "12.7"]
[White "Dubov, Daniil"]
[Black "Praggnanandhaa R"]
[Result "0-1"]
[WhiteElo "2720"]
[BlackElo "2612"]
[PlyCount "86"]
[EventDate "2022.01.15"]
[EventType "tourn"]
[EventCountry "NED"]
[TimeControl "15+10"]
[WhiteClock "0:01:45"]
[BlackClock "0:01:58"]

1. d4 Nf6 2. c4 c5 3. d5 e6 4. Nc3 exd5 5. cxd5 d6 6. g3 g6 7. Bg2 Bg7 8. e4 O-O 9. Nge2 a6 10. a4 Qc7 11. O-O Nbd7 12. h3 Rb8 13. a5 Re8 14. Qc2 b5 15. axb6 Qxb6 16. Rb1 Qb3 17. Qxb3 Rxb3 18. Bf4 Ne5 19. Nc1 Rb8 20. Rd1 Nfd7 21. Nd3 Nxd3 22. Rxd3 Ne5 23. Rdd1 h6 24. Bf1 g5 25. Be3 Nf3+ 26. Kg2 Nd4 27. f3 Nc2 28. Bf2 Bd4 29. Bxd4 cxd4 30. Rdc1 Ne3+ 31. Kf2 Nxf1 32. Kxf1 dxc3 33. Rxc3 Bxh3+ 34. Kf2 Rec8 35. Ra3 Rc2+ 36. Ke3 Bc8 37. b4 Rc4 38. Rab3 Bd7 39. g4 Rc2 40. Kd3 Rbc8 41. e5 Bb5+ 42. Ke4 Re2+ 43. Re3 Rc4+ 0-1